 Dungeon Crawl Stone Soup version 0.20.0-10-g0535bb4 (webtiles) character file.

272 kuniqs the Ducker (level 6, -5/47 HPs)
             Began as a Demonspawn Gladiator on June 3, 2017.
             Slain by Blork the orc
             ... wielding a +0 dire flail
              (9 damage)
             ... on level 4 of the Dungeon.
             The game lasted 00:02:56 (2005 turns).

kuniqs the Ducker (Demonspawn Gladiator)            Turns: 2005, Time: 00:02:57

Health: -5/47      AC:  7    Str: 16    XL:     6   Next: 2%
Magic:  6/6        EV: 13    Int: 10    God:
Gold:   131        SH:  0    Dex: 14    Spells: 5/5 levels left

rFire    . . .     SeeInvis .   a - +0 long sword
rCold    . . .     Gourm    .   (no shield)
rNeg     . . .     Faith    .   b - +0 leather armour
rPois    +         Spirit   .   c - +0 helmet
rElec    .         Reflect  .   l - +0 cloak
rCorr    .         Harm     .   (no gloves)
MR       .....                  (no boots)
Stlth    +.........             (no amulet)
Regen    0.2/turn               q - ring of poison resistance
MPRegen  0.1/turn               (no ring)

@: no status effects
A: iridescent scales 1, spiny 1
a: no special abilities


You were on level 4 of the Dungeon.
You were not hungry.

You visited 1 branch of the dungeon, and saw 4 of its levels.

You collected 131 gold pieces.

Inventory:

Hand Weapons
 a - a +0 long sword (weapon)
Missiles
 f - 4 throwing nets (quivered)
Armour
 b - a +0 leather armour (worn)
 c - a +0 helmet (worn)
 l - a +0 cloak (worn)
Jewellery
 q - a ring of poison resistance (left hand)
Scrolls
 g - 4 scrolls of remove curse {unknown}
 o - 6 scrolls of identify {unknown}
 r - 3 scrolls of noise {unknown}
 s - a scroll of amnesia {unknown}
 t - a scroll of magic mapping {unknown}
Potions
 h - 2 potions of ambrosia {unknown}
 i - 2 potions of heal wounds {unknown}
 k - 2 potions of agility {unknown}
 n - a potion of lignification {unknown}
 p - a potion of invisibility {unknown}
Comestibles
 d - 2 bread rations
 e - 2 meat rations
 j - 3 royal jellies
 m - 3 chunks of flesh


   Skills:
 + Level 3.3 Fighting
 + Level 3.9 Long Blades
 - Level 1.7 Throwing
 + Level 2.2 Armour
 + Level 4.1 Dodging


You had 5 spell levels left.
You didn't know any spells.

Dungeon Overview and Level Annotations

Branches:
Dungeon (4/15)
 Temple: D:4-7

Altars:
Ashenzari
Qazlal

Annotations:
D:4 Blork the orc


Innate Abilities, Weirdness & Mutations

You are partially covered in iridescent scales. (AC +2)
You are partially covered in sharp spines.


Message History

Blork the orc is heavily wounded.
Blork the orc points at you and mumbles some strange words.
The magic dart hits you!
* * * LOW HITPOINT WARNING * * *
You closely miss Blork the orc.
Blork the orc is heavily wounded.
Blork the orc closely misses you. Blork the orc casts a spell at you.
The puff of frost hits you!
* * * LOW HITPOINT WARNING * * *
You hit Blork the orc but do no damage.
Blork the orc is heavily wounded.
Blork the orc gestures at you while chanting.
The magic dart hits you!
* * * LOW HITPOINT WARNING * * *
You hit Blork the orc but do no damage.
Blork the orc is heavily wounded.
Blork the orc screams, "You are the ugliest creature I've ever seen!"
Blork the orc hits you with a dire flail!
You die...

#.........#.#
#.......#.#.##
........#.#....#
#######...#....#
##..#....#
#..#....#
##.#....#
#.#...(#
######...@(.#
#......)o####
#.#####..# #..#
#..# #... ..>..
...... ......o.


You could see Blork the orc.

Vanquished Creatures
  A centaur (D:4)
  A hound (D:4)
  2 gnolls (D:1)
  5 adders
  An ooze (D:2)
  2 worms
  4 dart slugs
  2 leopard geckos (D:3)
  An orc (D:4)
  2 ball pythons
  6 bats
  2 giant cockroaches
  10 goblins
  10 hobgoblins
  6 jackals
  7 frilled lizards
  8 kobolds
  7 rats
77 creatures vanquished.

Notes
Turn   | Place    | Note
-------+----------+-------------------------------------------
     0 | D:1      | kuniqs the Demonspawn Gladiator began the quest for the Orb.
     0 | D:1      | Reached XP level 1. HP: 16/16 MP: 1/1
    43 | D:1      | Gained mutation: You are partially covered in sharp spines. [demonic ancestry]
    43 | D:1      | Reached XP level 2. HP: 9/23 MP: 2/2
    46 | D:1      | Reached skill level 3 in Dodging
   523 | D:1      | Reached XP level 3. HP: 23/28 MP: 3/3
   643 | D:1      | Reached skill level 1 in Armour
   895 | D:2      | Gained mutation: You are partially covered in iridescent scales. (AC +2) [demonic ancestry]
   895 | D:2      | Reached XP level 4. HP: 28/34 MP: 4/4
  1021 | D:2      | Found a shattered altar of Ashenzari.
  1169 | D:2      | You fall through a shaft!
  1503 | D:3      | Found a stormy altar of Qazlal.
  1559 | D:3      | Reached XP level 5. HP: 40/40 MP: 5/5
  1920 | D:4      | Noticed a centaur
  1921 | D:4      | Noticed Blork the orc
  1934 | D:4      | Killed a centaur
  1934 | D:4      | Reached skill level 4 in Dodging
  1934 | D:4      | Reached XP level 6. HP: 26/47 MP: 6/6
  2005 | D:4      | Slain by Blork the orc

Skill      XL: |  1  2  3  4  5 |
---------------+----------------+-----
Dodging        | 3 4 |  4.1
Long Blades    | 3 |  3.9
Armour         | 1 2 |  2.2
Fighting       | 3 |  3.3
Throwing       | |  1.7

Action                   |  1- 3 |  4- 6 || total
-------------------------+-------+-------++-------
Melee: Long sword        |    70 |    90 ||   160
  Eat: Chunk             |       |     4 ||     4
Armor: Leather armour    |    29 |    19 ||    48
Dodge: Dodged            |    61 |    60 ||   121
       Rpst.: Long sword |    30 |    18 ||    48
